 Dungeon Crawl Stone Soup version 0.31-a0-965-g8a8ce12e04 (webtiles) character file.

Game seed: 6675762284475065622

41 Maxmaps the Changeling (level 3, -2/23 HPs)
             Began as an Octopode Shapeshifter on Oct 27, 2023.
             Slain by an orc priest
             ... wielding a +0 short sword
              (3 damage)
             ... on level 3 of the Dungeon.
             The game lasted 00:00:59 (1129 turns).

Maxmaps the Changeling (Octopode Shapeshifter)      Turns: 1129, Time: 00:00:59

Health: -2/23      AC:  1    Str: 13    XL:     3   Next: 52%
Magic:  3/3        EV: 13    Int: 20    God:
Gold:   114        SH:  0    Dex: 11    Spells: 2/2 levels left

rFire   . .          .
                       - Unarmed
rCold   . . .        (no shield)
rNeg    . . .        (helmet currently unavailable)
rPois   .            (no amulet)
rElec   .            g - ring of see invisible
rCorr   .            j - +6 ring of intelligence
SInv    +            (no ring)
Will    .....        (no ring)
Stlth   ++           (no ring)
HPRegen 0.23/turn    (no ring)
MPRegen 0.08/turn    (no ring)
                     (no ring)

%: no passive effects
@: beast-form
A: beast (slay +2), almost no armour, amphibious, 8 rings, camouflage 1,
gelatinous body 1, (nimble swimmer 1), tentacles
a: Begin Untransformation


You were on level 3 of the Dungeon.
You were a hulking beast.
You visited 1 branch of the dungeon, and saw 3 of its levels.

You collected 114 gold pieces.

Inventory:

Jewellery
 g - a ring of see invisible (left tentacle)
 j - a +6 ring of intelligence (right tentacle)
Talismans
 b - a beast talisman
 c - a flux talisman
Scrolls
 e - 4 scrolls of identify {unknown}
 f - a scroll of teleportation {unknown}
 h - a scroll of blinking {unknown}
 l - a scroll of noise {unknown}
 n - a scroll of amnesia {unknown}
Potions
 a - 2 potions of lignification
 d - a potion of cancellation {unknown}
 i - a potion of attraction {unknown}
 k - a potion of degeneration {unknown}
 m - a potion of might {unknown}
 o - a potion of enlightenment {unknown}
 p - a potion of invisibility {unknown}


   Skills:
 - Level 1.0 Fighting
 - Level 2.0 Dodging
 - Level 3.0 Unarmed Combat
 + Level 4.2 Shapeshifting


You had 2 spell levels left.
You didn't know any spells.
Your spell library contained the following spells:

 Spells                   Type           Power      Damage    Failure   Level
 Slow                     Hex            0%         N/A       19%         1
 Blink                    Tloc           0%         N/A       28%         2
 Lesser Beckoning         Tloc           0%         N/A       28%         2
 Momentum Strike          Conj/Tloc      0%         3d8       28%         2
 Confusing Touch          Hex            0%         N/A       50%         3
 Sigil of Binding         Hex            0%         N/A       50%         3
 Vampiric Draining        Necr           0%         2d6       50%         3


Dungeon Overview and Level Annotations

Branches:
Dungeon (3/15)

Altars:


Innate Abilities, Weirdness & Mutations

You are a hulking beast.
Your limbs bulge with bestial killing power. (Slay +2)
You cannot wear most types of armour.
You are amphibious.
You can wear up to eight rings at the same time.
Your skin changes colour to match your surroundings (Stealth+).
Your rubbery body absorbs attacks. (AC +1, EV +1)
((You are camouflaged when in or above water. (Stealth+)))
You have tentacles for arms and can constrict up to eight enemies at once.


Message History

You barely miss the orc.
The orc is heavily wounded.
You constrict the orc. The orc hits you with a +0 club. The orc misses you.
You tentacle-slap the orc but do no damage.
You squeeze the orc.
You kill the orc!
You bludgeon the orc!
You kill the orc!
The orc barely misses you.
You tentacle-slap the orc. You grab the orc.
The orc is heavily wounded.
You constrict the orc. The orc closely misses you.
The orc hits you with a +0 dagger.
You tentacle-slap the orc but do no damage.
You squeeze the orc.
You kill the orc!
The orc hits you with a +0 dagger.
You tentacle-slap the orc. You grab the orc.
The orc is lightly wounded.
You constrict the orc. The orc barely misses you.
You barely miss the orc.
The orc is moderately wounded.
You constrict the orc. The orc misses you.
The orc priest hits you with a +0 short sword.
You tentacle-slap the orc.
The orc is severely wounded.
You constrict the orc.
You kill the orc!
The orc priest hits you with a +0 short sword.
You tentacle-slap the orc priest. Your grab misses the orc priest.
The orc priest is moderately wounded.
The orc priest mumbles some strange prayers to Beogh against you.
Pain shoots through your body!
* * * LOW HITPOINT WARNING * * *
You completely miss the orc priest. Your grab misses the orc priest.
The orc priest is moderately wounded.
You tentacle-slap the orc priest. Your grab misses the orc priest.
The orc priest is heavily wounded.
The orc priest hits you with a +0 short sword.
You die...

... ### ## .. .. #..
#####.. #.## ##... ..#....
#####... .#.# #
#......##.. ... ...##.#
.......#.#####.####.#....#
#............)......>.#
#....#.o)# #..<.)..#
#....#.#h########...#
#..oo.#...###....#....#
#.o..####.....#####....#
#......## ##..### .#..#
...................... .
.. .......####....####...
. # #...... ......# ..
####.## #....... #.
#......##


You could see an orc priest.

Vanquished Creatures
  4 orcs (D:3)
  2 ball pythons (D:2)
  3 endoplasms (D:1)
  2 giant cockroaches (D:2)
  4 goblins
  5 hobgoblins
  3 kobolds
  2 quokkas (D:1)
  2 bats (D:2)
  3 frilled lizards
  A rat (D:2)
31 creatures vanquished.

Notes
Turn   | Place    | Note
-------+----------+-------------------------------------------
     0 | D:1      | Maxmaps the Octopode Shapeshifter began the quest for the
                  | Orb.
     0 | D:1      | Reached XP level 1. HP: 13/13 MP: 1/1
   145 | D:1      | Reached XP level 2. HP: 12/18 MP: 2/2
   746 | D:2      | Reached XP level 3. HP: 23/23 MP: 3/3
   798 | D:2      | Reached skill level 4 in Shapeshifting
  1127 | D:3      | HP: 1/23 [orc priest/nerve-wracking pain (10)]
  1129 | D:3      | Slain by an orc priest

Illustrated notes

Levels and vault maps discovered:
D:1:      beargit_arrival_greenhouse, layout_basic, grunt_decor_fettered
D:2:      layout_basic, kennysheep_boxes
D:3:      layout_rooms, minmay_misc_feat_square, kennysheep_generic_room_11,
          uniq_jessica

Skill      XL: |  1  2  3 |
---------------+----------+-----
Shapeshifting  | 4 |  4.2
Fighting       | |  1.0
Dodging        | |  2.0
Unarmed Combat | |  3.0

Action                     || total
---------------------------++-------
  Melee: Unarmed           ||    65
         Constrict         ||    19
         Tentacles         ||    10
   Stab: Sleeping          ||     6
 Armour: Skin              ||    21
  Dodge: Dodged            ||    29

Table legend: (Time is in decaauts)
 A = Elapsed time spent in this place.
 B = Non-inter-level travel time spent in this place.
 C = Inter-level travel time spent in this place.
 D = Time resting spent in this place.
 E = Time spent auto-exploring this place.
 F = Levels seen in this place.
 G = Mean time per level.
                   A        B        C        D        E       F      G
               +--------+--------+--------+--------+--------+-----+--------+
         Total |   1124 |   1071 |     53 |      0 |    872 |   3 |  374.7 |
       Dungeon |   1124 |   1071 |     53 |      0 |    872 |   3 |  374.7 |
               +--------+--------+--------+--------+--------+-----+--------+

Top non-repeatable levels by time:
     D:2: 616 daAuts
     D:1: 458 daAuts
     D:3: 49 daAuts
